cohdb
Replays
Latest Replays
All Replays
Popular Replays
Top Player Replays
Match Explorer
How It Works
Community
CoH3 Stats
Reddit
Sign in to upload your games and track your stats! →
Sign in with Steam
Match 31598420
Unlisted
Match 31598420
Overview
Messages
Build Orders
End
Kettenkrad Recon Vehicle
Construct Infanterie Kompanie
Grenadier Squad
MG 42 Machine Gun Team
Grenadier Squad
Selects Breakthrough Battlegroup
Selects Assault Grenadiers
GrW 34 Mortar Team
Medical Station
MG 42 Machine Gun Team
Construct Panzergrenadier Kompanie
251 Medium Carrier
Selects Breakthrough
Panzergrenadier Squad
Pak 40 Anti-tank Gun Team
Construct Panzer Kompanie
Selects Incendiary Bombing Run
Selects 2.5-tonne Cargo Truck
Sturmpanzer IV Brummbär
Pioneer Squad
Panzer IV Medium Tank
Selects Blitzkrieg
Side Skirts
Pioneer Squad
Panzer Officer Quarters
Blitzkrieg
Pioneer Squad
Construct Luftwaffe Kompanie
Selects Tiger Heavy Tank
Nukepapa
austinZeroThree
Conqueeftador
Herononymous
0
0
Comments
sign in to comment!
No comments posted yet!